 Dungeon Crawl Stone Soup version 0.21-a0-264-g3e31e41 (webtiles) character file.

18 zane53102 the Ducker (level 2, -4/24 HPs)
             Began as a Demigod Gladiator on Sept 8, 2017.
             Slain by an adder (5 damage)
             ... on level 3 of the Dungeon.
             The game lasted 00:08:31 (1479 turns).

zane53102 the Ducker (Demigod Gladiator)            Turns: 1479, Time: 00:08:32

Health: -4/24      AC:  4    Str: 17    XL:     2   Next: 33%
Magic:  4/4        EV: 13    Int: 12    God:
Gold:   66         SH:  0    Dex: 17    Spells: 1/1 levels left

rFire    . . .     SeeInvis .   j - +0 dagger
rCold    . . .     Gourm    .   (no shield)
rNeg     . . .     Faith    .   b - +0 leather armour
rPois    .         Spirit   .   c - +0 helmet
rElec    .         Reflect  .   (no cloak)
rCorr    .         Harm     .   (no gloves)
MR       .....                  (no boots)
Stlth    +.........             (no amulet)
HPRegen  0.08/turn              (no ring)
MPRegen  0.09/turn              (no ring)

@: lethally poisoned (-4 -> -14)
A: high mp 1
a: no special abilities


You were on level 3 of the Dungeon.
You were not hungry.

You visited 1 branch of the dungeon, and saw 3 of its levels.

You collected 66 gold pieces.

Inventory:

Hand Weapons
 a - a +0 quarterstaff
 e - a +0 club
 f - a +0 club
 j - a +0 dagger (weapon)
Missiles
 d - 3 throwing nets (quivered)
Armour
 b - a +0 leather armour (worn)
 c - a +0 helmet (worn)
 h - a +0 robe
Scrolls
 i - a scroll of fear {unknown}


   Skills:
 + Level 2.0 Fighting
 + Level 2.8 Staves
 + Level 1.8 Throwing
 + Level 1.0 Armour
 + Level 2.9 Dodging


You had one spell level left.
You didn't know any spells.

Dungeon Overview and Level Annotations

Branches:
Dungeon (3/15)


Innate Abilities, Weirdness & Mutations

You have an increased reservoir of magic. (+10% MP)


Message History

You feel sick. The adder misses you. The gnoll hits you.
* * * LOW HITPOINT WARNING * * *
A hobgoblin and a gnoll come into view.
The hobgoblin is wielding a rapier of venom.
The hobgoblin shouts!
The gnoll shouts! x2
You hit the gnoll.
The gnoll is moderately wounded.
The adder closely misses you. The gnoll barely misses you. The orc misses you.
You hit the gnoll.
The gnoll is heavily wounded.
* * * LOW HITPOINT WARNING * * *
You feel sick. The adder bites you.
* * * LOW HITPOINT WARNING * * *
You are more poisoned.
The adder poisons you! The gnoll closely misses you. The orc hits you.
* * * LOW HITPOINT WARNING * * *
You miss the goblin. The adder closely misses you. The gnoll hits you.
* * * LOW HITPOINT WARNING * * *
The adder bites you.
You die...

... .... ....
...gg .....#####
##### ....ogS$.#
#...# ......og.#
#...#
#.o@g#######...#
+..S...........#
#....#######...#
#....# #...#
#....# #...#
###### #...#
#††.# ##'## #.#


You could see 3 gnolls, 2 adders, 3 orcs, a hobgoblin and a goblin.

Vanquished Creatures
  An ooze (D:2)
  2 bats (D:1)
  2 giant cockroaches
  A goblin (D:3)
  A hobgoblin (D:3)
  3 jackals (D:2)
  A quokka (D:3)
  A plant (D:1)
12 creatures vanquished.

Notes
Turn   | Place    | Note
-------+----------+-------------------------------------------
     0 | D:1      | zane53102 the Demigod Gladiator began the quest for the Orb.
     0 | D:1      | Reached XP level 1. HP: 17/17 MP: 3/3
   484 | D:2      | Reached XP level 2. HP: 6/24 MP: 4/4
   505 | D:2      | Found an opulent altar of Gozag.
   550 | D:2      | HP: 1/24 [jackal (1)]
  1439 | D:3      | Reached skill level 1 in Armour
  1479 | D:3      | HP: 1/24 [gnoll (1)]
  1479 | D:3      | Slain by an adder

Vault maps used:
D:1:      kennysheep_arrival_seaside
D:2:      grunt_gozag_breadcrumbs
D:3:      cheibriados_altar_1, overflow_temple_1_default

Skill      XL: |  1  2 |
---------------+-------+-----
Fighting       | 2 |  2.0
Armour         | 1 |  1.0
Staves         | |  2.8
Throwing       | |  1.8
Dodging        | |  2.9

Action                   || total
-------------------------++-------
Melee: Quarterstaff      ||    59
       Dagger            ||    65
  Use: Potion            ||     3
  Eat: Bread ration      ||     1
Armor: Leather armour    ||    50
Dodge: Dodged            ||   154

Table legend:
 A = Spawn XP
 B = Non-spawn XP
 C = Spawn XP percentage of total XP
 D = Spawn monster count
 E = Non-spawn monster count
 F = Spawn count percentage of total count
 G = Total turns spent on level
                    A         B        C        D         E        F      G
               +---------+---------+-------+---------+---------+-------+---------
         Total |       0 |      26 |   0.0 |       0 |      11 |   0.0 |  1479
               +---------+---------+-------+---------+---------+-------+---------
           D:1 |       0 |       5 |   0.0 |       0 |       3 |   0.0 |   360
           D:2 |       0 |      15 |   0.0 |       0 |       5 |   0.0 |  1055
           D:3 |       0 |       6 |   0.0 |       0 |       3 |   0.0 |    64
               +---------+---------+-------+---------+---------+-------+---------
